Romb, lawful female human Archeologist .--- |...| --- --...---.-- --.........--- |..^..%%......---.. ---.......).......|-q- --..............%.-|@.-- |.........----<.---|...| |-........ |..| --.G-- |........-- ---- |...- |-........| |.... |.........-- --- |.... --.--.......-----.| |..... |..--........*|...-----.... |.................%........ |.................--##---. --.---------------- --- Romb the Field Worker Experience level: 5 Strength: 13 Dexterity: 11 Constitution: 11 Intelligence: 14 Wisdom: 18 Charisma: 8 Health: 0(38) Energy: 33(33) Def: 10 Gold: 134 Moves: 1041 Dungeon seed: stKcQbla3Q0aT8Po Game ID: Romb_1540505390 Your Inventory: Coins $ - 134 gold pieces Weapons a - an uncursed +2 bullwhip named Whip of Serenity (weapon in hand) m - 6 cursed -2 shuriken A - 11 cursed -1 darts Armor e - an uncursed +0 dwarvish cloak (being worn) n - an uncursed +2 dwarvish iron helm (being worn) r - an uncursed +0 scale mail (being worn) N - an uncursed +0 dwarvish roundshield (being worn) Y - an uncursed +0 pair of leather gloves (being worn) Comestibles b - 3 uncursed food rations k - an uncursed tin of lichen v - 2 uncursed cram rations Scrolls i - an uncursed scroll of scare monster o - an uncursed scroll of water s - an uncursed scroll of genocide Potions j - an uncursed potion of see invisible l - an uncursed potion of object detection p - an uncursed potion of healing Rings t - a cursed -1 ring of adornment Wands d - an uncursed wand of light (0:11) Tools f - an uncursed sack g - an uncursed tin opener h - an uncursed oil lamp (lit) (0:763) w - an uncursed wooden harp Gems q - an uncursed touchstone y - an uncursed worthless piece of black glass z - 2 uncursed worthless pieces of red glass C - an uncursed worthless piece of yellowish brown glass Spells and supernatural/magical abilities: Name Level Category Fail Memory W - pray for help -- divine ? -- Your skills at the end: Miscellaneous Skills wands [Basic] stealth [Skilled] Weapon Skills pick-axe [Basic] whip [Basic] Spellcasting Skills Final Attributes: You were fervently aligned. Your writing hand was a little cramped from use. You were somewhat stealthy. You were fast. You were lucky. You are dead. Vanquished creatures: 3 gnome lords a puppy a dwarf a hill orc a rothe an acid blob a gecko 14 gnomes 5 garter snakes 5 jackals 2 newts 3 sewer rats 2 grid bugs 2 lichens 42 creatures vanquished. Voluntary challenges: You followed a strict vegan diet. You did not adorn yourself with jewelry or accessories. You did not cause conflict. You were not invisible. You did not have reflection. You were not displaced. You were an atheist. You used a wielded weapon 75 times, starting on turn 3. You did not apply a unicorn horn. You did not use plumbed fixtures. You did not drink any magical draughts. You read items or engraved 2 times, starting on turn 1025. You never genocided any monsters. You never polymorphed an object. You never changed form. You used no wishes. You never split a pudding. You wrote Elbereth's name 2 times, starting on turn 1025. You never violated your personal moral code. Dungeon overview: The Dungeons of Doom: levels 1 to 3 Level 1 a fountain a long staircase Level 2 an altar to Quetzalcoatl, some fountains Level 3 stairs to The Gnomish Mines The Gnomish Mines: levels 4 to 5 Level 4 stairs to The Dungeons of Doom Level 5 <- You were here History has recorded: On T:1 you entered the Dungeons of Doom to retrieve the Amulet of Yendor! On T:109 you reached level 2 of The Dungeons of Doom. On T:337 you reached level 3 of The Dungeons of Doom. On T:385 you reached level 1 of The Gnomish Mines. On T:386 you advanced to experience level 2. On T:414 you advanced to experience level 3. On T:740 you advanced to experience level 4. On T:959 you reached level 2 of The Gnomish Mines. On T:980 you advanced to experience level 5. Score breakdown: Gold: 134 ( 13 points) Experience: 5 levels ( 400 points) Exploration: 5 levels ( 120 points) Discoveries: 17 items ( 850 points) Variety of kills: 14 monsters ( 700 points) Major goal: (nothing yet) ( 0 points) Survival: died (score multiplied by 3) Total score: 6249 Latest messages: The imp turns to flee! The rothe turns to flee! The gnome king picks up a food ration. Something is written here in the dust. You read: "E be?etn". The gnome king punches you! You whip the gnome king. The gnome king punches you! You kill the gnome! You write in the dust with your fingers. The rothe turns to flee! You whip the rothe. (2x) You see here a food ration. The rothe claws you! The rothe bites! You die... The sack is empty. The sack is empty. Final status: Goodbye Romb the Archeologist, killed by a rothe... You died in The Gnomish Mines on dungeon level 5 with 6249 points, and 134 pieces of gold, after 1041 moves. You were level 5 with a maximum of 38 hit points when you died.